 Dungeon Crawl Stone Soup version 0.23-a0-650-ga4d50d4 (webtiles) character file.

93 Borgoz the Sneak (level 4, 0/28 HPs)
             Began as a Kobold Assassin on Jan 2, 2019.
             Slain by an adder (2 damage)
             ... on level 3 of the Dungeon.
             The game lasted 00:05:25 (2373 turns).

Borgoz the Sneak (Kobold Assassin)                  Turns: 2373, Time: 00:05:26

Health: 0/28       AC:  3    Str:  8    XL:     4   Next: 91%
Magic:  4/4        EV: 15    Int: 12    God:
Gold:   198        SH:  0    Dex: 17    Spells: 3/3 levels left

rFire    . . .     SeeInvis .   a - +4 dagger
rCold    . . .     Gourm    .   (shield restricted)
rNeg     . . .     Faith    .   c - +0 robe
rPois    .         Spirit   .   (no helmet)
rElec    .         Reflect  .   d - +0 cloak
rCorr    .         Harm     .   (no gloves)
MR       .....                  (no boots)
Stlth    +++.......             (no amulet)
HPRegen  0.09/turn              (no ring)
MPRegen  0.09/turn              (no ring)

@: lethally poisoned (0 -> -8), hasted, very quick
A: small, carnivore
a: no special abilities


You were on level 3 of the Dungeon.
You were completely stuffed.

You visited 1 branch of the dungeon, and saw 3 of its levels.

You collected 198 gold pieces.

Inventory:

Hand Weapons
 a - a +4 dagger (weapon)
 b - a +0 blowgun
Missiles
 e - 24 poisoned needles
 f - 2 curare-tipped needles
 o - 6 needles of sleeping
Armour
 c - a +0 robe (worn)
 d - a +0 cloak (worn)
Scrolls
 i - a scroll of fog {unknown}
 j - 2 scrolls of enchant weapon {unknown}
 k - 2 scrolls of magic mapping {unknown}
 n - a scroll of amnesia
Potions
 h - a potion of flight
 m - a potion of heal wounds {unknown}
Comestibles
 g - 3 rations


   Skills:
 + Level 3.0 Fighting
 + Level 3.6 Short Blades
 - Level 2.1 Throwing
 + Level 1.2 Armour
 + Level 2.4 Dodging
 + Level 6.0 Stealth


You had 3 spell levels left.
You didn't know any spells.
Your spell library was empty.

Dungeon Overview and Level Annotations

Branches:
Dungeon (3/15)

Altars:
Trog


Innate Abilities, Weirdness & Mutations

You are small and have problems with some larger weapons.
You are carnivorous and can eat meat at any time.


Message History

You feel sick. The adder closely misses you.
You hit the adder.
The adder is severely wounded.
You feel sick. The adder bites you.
You hit the adder but do no damage.
The adder is severely wounded.
You feel sick. The adder misses you.
You closely miss the adder.
The adder is severely wounded.
The adder barely misses you.
You closely miss the adder.
The adder is severely wounded.
You feel sick. The adder bites you.
* * * LOW HITPOINT WARNING * * *
It was a potion of haste.
You feel yourself speed up.
* * * LOW HITPOINT WARNING * * *
You feel sick. The adder bites you.
* * * LOW HITPOINT WARNING * * *
The adder bites you.
You die...

#.......# #########
##.......# #........
#........###.#####
#................##
######.#.$####.###..#####
.......Kr..............>#
######.#r##########..##.#
#K#S# ##.##.# #.#@#
#..#.# #.#.# ##.#.# #.#..
#.#.# #.#### #)#.# #.
#...# ##.รท# #..# #.(#
##.#


You could see an adder, a quokka, a kobold and a rat.

Vanquished Creatures
  3 adders (D:2)
  An ooze (D:1)
  A worm (D:2)
  A dart slug (D:2)
  4 leopard geckos
  A giant cockroach (D:1)
  7 goblins
  6 hobgoblins
  3 jackals (D:1)
  2 ball pythons (D:2)
  7 bats
  A frilled lizard (D:2)
  9 kobolds
  10 rats
56 creatures vanquished.

Notes
Turn   | Place    | Note
-------+----------+-------------------------------------------
     0 | D:1      | Borgoz the Kobold Assassin began the quest for the Orb.
     0 | D:1      | Reached XP level 1. HP: 12/12 MP: 1/1
   222 | D:1      | Reached XP level 2. HP: 16/18 MP: 2/2
   686 | D:1      | Reached XP level 3. HP: 22/22 MP: 3/3
  1123 | D:2      | Reached skill level 1 in Armour
  1123 | D:2      | Reached XP level 4. HP: 24/27 MP: 4/4
  1543 | D:2      | Reached skill level 6 in Stealth
  1958 | D:2      | Found a bloodstained altar of Trog.
  2373 | D:3      | Slain by an adder

Vault maps used:
D:1:      nzn_arrival_settlement
D:2:      kennysheep_six_static_rooms, marbit_many_paths,
          kennysheep_generic_room_9
D:3:      nemelex_altar_shiori, old_standard_altar, first_ration,
          kennysheep_okawaru_gauntlet

Skill      XL: |  1  2  3  4 |
---------------+-------------+-----
Short Blades   | 3 |  3.6
Dodging        | 2 |  2.4
Armour         | 1 |  1.2
Stealth        | 6 |  6.0
Fighting       | 3 |  3.0
Throwing       | |  2.1

Action                   |  1- 3 |  4- 6 || total
-------------------------+-------+-------++-------
Melee: Dagger            |    85 |    70 ||   155
 Fire: Blowgun           |       |     1 ||     1
  Use: Potion            |     3 |     1 ||     4
       Scroll            |     2 |       ||     2
 Stab: Sleeping          |    11 |    16 ||    27
  Eat: Chunk             |     9 |     4 ||    13
Armor: Robe              |    15 |     6 ||    21
Dodge: Dodged            |    70 |    48 ||   118

Table legend:
 A = Non-vault XP
 B = Vault XP
 C = Vault XP percentage of total XP
 D = Non-vault monster count
 E = Vault monster count
 F = Vault count percentage of total count
                 A         B        C        D         E       F
            +---------+---------+-------+---------+---------+-------
      Total |     111 |      22 |  16.5 |      48 |       8 |  14.3
            +---------+---------+-------+---------+---------+-------
        D:1 |      47 |       0 |   0.0 |      26 |       0 |   0.0
        D:2 |      59 |      22 |  27.2 |      19 |       8 |  29.6
        D:3 |       5 |       0 |   0.0 |       3 |       0 |   0.0
            +---------+---------+-------+---------+---------+-------
